 Dungeon Crawl Stone Soup version 0.28.0-1-gb440e238dd (webtiles) character file.

Game seed: 7981174892421769337

39 zeram the Covered (level 3, 0/33 HPs)
             Began as a Hill Orc Fighter on Feb 27, 2022.
             Succumbed to an adder's poison
             ... on level 2 of the Dungeon.
             The game lasted 00:01:14 (933 turns).

zeram the Covered (Hill Orc Fighter)                 Turns: 933, Time: 00:01:14

Health: 0/33       AC:  7    Str: 20    XL:     3   Next: 47%
Magic:  3/3        EV:  9    Int:  8    God:
Gold:   27         SH:  4    Dex: 10    Spells: 2/2 levels left

rFire   . . .      SeeInvis .   a - +0 war axe
rCold   . . .      Faith    .   c - +0 buckler
rNeg    . . .      Spirit   .   b - +0 scale mail
rPois   .          Reflect  .   (no helmet)
rElec   .          Harm     .   (no cloak)
rCorr   .          Rampage  .   (no gloves)
Will    .....                   (no boots)
Stlth   ..........              (no amulet)
HPRegen 0.11/turn               (no ring)
MPRegen 0.08/turn               (no ring)

@: lethally poisoned (0 -> -7)
A: claws 1, screaming 1
a: no special abilities


You were on level 2 of the Dungeon.
You visited 1 branch of the dungeon, and saw 2 of its levels.

You collected 27 gold pieces.

Inventory:

Hand Weapons
 a - a +0 war axe (weapon)
Armour
 b - a +0 scale mail (worn)
 c - a +0 buckler (worn)
Scrolls
 g - a scroll of enchant armour {unknown}
 h - a scroll of fear {unknown}
Potions
 e - a potion of degeneration {unknown}
 f - a potion of mutation
 i - a potion of brilliance {unknown}
 j - a potion of heal wounds {unknown}


   Skills:
 + Level 3.9 Fighting
 + Level 3.2 Axes
 + Level 4.1 Armour
 + Level 0.1 Dodging
 + Level 3.5 Shields


You had 2 spell levels left.
You didn't know any spells.
Your spell library was empty.

Dungeon Overview and Level Annotations

Branches:
Dungeon (1/15)

Altars:
Sif Muna


Innate Abilities, Weirdness & Mutations

You have sharp fingernails.
You occasionally shout uncontrollably at your foes.


Message History

The adder is lightly wounded.
The adder bites you but does no damage.
A ball python comes into view.
The adder misses you.
You miss the adder.
The adder is lightly wounded.
The ball python hisses angrily.
The adder bites you.
You hit the adder.
The adder is heavily wounded.
The adder bites you but does no damage. The adder barely misses you.
The ball python bites you. The ball python grabs you.
The ball python constricts you.
* * * LOW HITPOINT WARNING * * *
You barely miss the adder.
The adder is heavily wounded.
You hit the ball python.
You kill the ball python!
The adder barely misses you. You block the adder's attack.
You hit the adder.
The adder is almost dead.
The adder closely misses you. The adder bites you.
* * * LOW HITPOINT WARNING * * *
Unknown command.
You barely miss the adder.
The adder is severely wounded.
The adder bites you but does no damage. The adder bites you.
* * * LOW HITPOINT WARNING * * *
You are poisoned.
The adder poisons you!
You barely miss the adder.
The adder is severely wounded.
You feel sick. The adder barely misses you. The adder bites you.
* * * LOW HITPOINT WARNING * * *
You are more poisoned.
The adder poisons you!
Unknown command.
It was a potion of mutation.
You feel extremely strange.
You feel the urge to shout.
Your fingernails lengthen.
You die...

#..#.#.#.#.#
#...#...#...
#..#.#.#.#.#
#.#...#...#. #
#..#.#.#.#.# #.
##..#...#...
#.#########..#.#.#.#
##.†.......##..#...#.
#..!@.#.######..#.#.#
#..S#.#......##..#...
#...#+#....#####.....
#?.......#÷# ######
..........#.######.#
..#........#......#.#
...#####+#..###......###
.. #... +<........ ##.#
#.........


You could see an adder.

Vanquished Creatures
  2 adders (D:2)
  A worm (D:2)
  A ball python (D:2)
  2 endoplasms (D:2)
  A giant cockroach (D:2)
  2 goblins
  A hobgoblin (D:2)
  3 kobolds (D:2)
  A quokka (D:1)
  2 bats
  A frilled lizard (D:2)
  2 rats (D:2)
19 creatures vanquished.

Notes
Turn   | Place    | Note
-------+----------+-------------------------------------------
     0 | D:1      | zeram the Hill Orc Fighter began the quest for the Orb.
     0 | D:1      | Reached XP level 1. HP: 19/19 MP: 1/1
   133 | D:1      | You fall into a shaft and drop 1 floor!
   442 | D:2      | Found a shimmering blue altar of Sif Muna.
   499 | D:2      | Reached XP level 2. HP: 26/26 MP: 2/2
   697 | D:2      | Reached skill level 4 in Armour
   700 | D:2      | Reached XP level 3. HP: 15/33 MP: 3/3
   933 | D:2      | Gained mutation: You occasionally shout uncontrollably at
                  | your foes. [potion of mutation]
   933 | D:2      | Gained mutation: You have sharp fingernails. [potion of
                  | mutation]
   933 | D:2      | Succumbed to an adder's poison

Illustrated notes

Levels and vault maps discovered:
D:1:      dpeg_arrival_shrine, layout_basic, ebering_dispersal_statue_hall
D:2:      layout_basic, basic_altar, ebering_ecumenical_altar_abandoned,
          kennysheep_cluttered_room, kennysheep_generic_room_4

Skill      XL: |  1  2 |
---------------+-------+-----
Axes           | 3 |  3.2
Armour         | 4 |  4.1
Fighting       | |  3.9
Dodging        | |  0.1
Shields        | |  3.5

Action                   || total
-------------------------++-------
Melee: War axe           ||    61
  Use: Potion            ||     2
Armor: Scale mail        ||    29
Dodge: Dodged            ||    30
Block: Buckler           ||    21
